[Event "Titled Tuesday Blitz February 22 Early 2022"]
[White "Clawitter, Craig"]
[Black "Guseva, Marina"]
[WhiteFideId "2023105"]
[BlackFideId "4149351"]
[WhiteElo "2226"]
[BlackElo "2232"]
[Result "0-1"]
[Round "02"]
[TimeControl "180+1"]
[Date "2022.02.22"]
[WhiteClock "0:00:01"]
[BlackClock "0:00:16"]

1. e4 c5 2. Nf3 d6 3. d4 cxd4 4. Nxd4 Nf6 5. Nc3 a6 6. Be3 e5 7. Nb3 Be6 8. f3 h5 9. Nd5 Bxd5 10. exd5 Nbd7 11. Be2 g6 12. O-O Bh6 13. Bxh6 Rxh6 14. Kh1 h4 15. Qd2 Rh8 16. f4 Rc8 17. c4 e4 18. f5 Ne5 19. Rac1 b6 20. Nd4 h3 21. g3 g5 22. Qxg5 Ke7 23. Ne6 Qd7 24. c5 bxc5 25. Bxa6 Rcg8 26. Qd2 fxe6 27. fxe6 Qa4 28. Rxf6 Kxf6 29. Rf1+ Ke7 30. Qf4 Qxa6 31. Qf6+ Ke8 32. e7 Qb7 33. Qxd6 Qxe7 34. Qb8+ Kd7 35. Qb7+ Kd6 36. Qb6+ Kxd5 37. Rd1+ Nd3 38. Qb3+ c4 0-1


[Site "https://www.chess.com"]

[Event "Titled Tuesday Blitz February 22 Early 2022"]
[White "Coelho, Ramyres Santana"]
[Black "Batsiashvili, Nino"]
[WhiteFideId "2120690"]
[BlackFideId "13602993"]
[WhiteElo "1888"]
[BlackElo "2230"]
[Result "0-1"]
[Round "02"]
[TimeControl "180+1"]
[Date "2022.02.22"]
[WhiteClock "0:00:04"]
[BlackClock "0:00:13"]

1. e4 e5 2. Nf3 Nc6 3. d4 exd4 4. Bc4 Nf6 5. e5 d5 6. Bb5 Nd7 7. c3 dxc3 8. O-O cxb2 9. Bxb2 Nb6 10. Nbd2 a6 11. Bd3 Be6 12. Nb3 Qd7 13. Nbd4 Nxd4 14. Nxd4 c5 15. Nxe6 fxe6 16. f4 c4 17. Bc2 Bc5+ 18. Kh1 O-O-O 19. a4 d4 20. a5 c3 21. axb6 cxb2 22. Rb1 d3 23. Ba4 Qd4 24. Bb3 Rhe8 25. Qg4 Kb8 26. Qxg7 d2 27. Qc7+ Ka8 28. Bd1 Bxb6 29. Qf7 Bc5 30. Bf3 Re7 31. Qf6 Ba3 32. Rfd1 Rc7 33. h3 Rc1 34. Qxe6 Rxb1 35. Rxb1 Ka7 36. Qb3 Qb6 37. Qxa3 d1=Q+ 38. Bxd1 Rxd1+ 39. Rxd1 b1=Q 40. Rxb1 Qxb1+ 41. Kh2 Qe4 42. Qg3 a5 43. Qf2+ Ka6 44. Qf1+ b5 45. Qc1 a4 46. Qc8+ Ka5 47. Qc3+ Kb6 0-1


[Site "https://www.chess.com"]

[Event "Titled Tuesday Blitz February 22 Early 2022"]
[White "Corrales Jimenez, Fidel"]
[Black "Tymrakiewicz, Rafal"]
[WhiteFideId "3506690"]
[BlackFideId "1108832"]
[WhiteElo "2541"]
[BlackElo "2205"]
[Result "1-0"]
[Round "02"]
[TimeControl "180+1"]
[Date "2022.02.22"]
[WhiteClock "0:01:52"]
[BlackClock "0:00:19"]

1. d4 Nf6 2. c4 g6 3. Nc3 Bg7 4. Bf4 O-O 5. e3 c5 6. dxc5 Qa5 7. Bd3 Na6 8. Nf3 Nxc5 9. O-O Nxd3 10. Qxd3 d6 11. h3 Bf5 12. e4 Be6 13. b3 Nd7 14. Rac1 Nc5 15. Qe3 Bxc3 16. Rxc3 Nxe4 17. Rc2 Nf6 18. Re2 Rfe8 19. Bg5 Nd7 20. Rfe1 Nf8 21. Qd4 Qc5 22. Qc3 Bf5 23. Rxe7 Rxe7 24. Rxe7 Ne6 25. Bh6 1-0


[Site "https://www.chess.com"]

[Event "Titled Tuesday Blitz February 22 Early 2022"]
[White "Csonka, Balazs"]
[Black "Melaugh, Shane"]
[WhiteFideId "742910"]
[BlackFideId "2509580"]
[WhiteElo "2404"]
[BlackElo "2000"]
[Result "1-0"]
[Round "02"]
[TimeControl "180+1"]
[Date "2022.02.22"]
[WhiteClock "0:00:05"]
[BlackClock "0:00:07"]

1. d4 e6 2. Nf3 f5 3. h3 Nf6 4. g4 d5 5. Bf4 c6 6. e3 Bd6 7. Ne5 Ne4 8. Nd2 O-O 9. Bd3 Nd7 10. Bxe4 Bxe5 11. Bxf5 Bxf4 12. Bxe6+ Kh8 13. exf4 Rxf4 14. Qe2 Qf6 15. c3 Nb6 16. Bxc8 Rxc8 17. O-O Rf8 18. Rae1 Qh4 19. Qe3 h5 20. Qg3 Qg5 21. Re5 Qg6 22. Rxh5+ Kg8 23. Qh4 R8f6 24. b3 Nd7 25. Rh8+ Kf7 26. Qh5 Qxh5 27. Rxh5 g6 28. Rh7+ Ke6 29. Re1+ Kd6 30. f3 Nf8 31. Rxb7 Ne6 32. Rxa7 Ng5 33. Ree7 c5 34. Rad7+ Kc6 35. Rc7+ Kd6 36. dxc5# 1-0


[Site "https://www.chess.com"]

[Event "Titled Tuesday Blitz February 22 Early 2022"]
[White "Dauner, Benedikt"]
[Black "Petrosyan, Manuel"]
[WhiteFideId "16225899"]
[BlackFideId "13300857"]
[WhiteElo "2230"]
[BlackElo "2592"]
[Result "0-1"]
[Round "02"]
[TimeControl "180+1"]
[Date "2022.02.22"]
[WhiteClock "0:00:01"]
[BlackClock "0:00:03"]

1. d4 Nf6 2. Nf3 d5 3. c3 e6 4. Bf4 Bd6 5. e3 c5 6. Nbd2 Qc7 7. Bxd6 Qxd6 8. Ne5 O-O 9. Bd3 b6 10. f4 Ba6 11. Bxa6 Nxa6 12. O-O Nb8 13. Rf3 Nc6 14. Rh3 Ne7 15. g4 Nd7 16. Qe1 Rfe8 17. Qh4 Nf8 18. Qh5 Neg6 19. Ndf3 f6 20. Nxg6 hxg6 21. Qh4 cxd4 22. cxd4 Qb4 23. g5 Kf7 24. Rf1 Qxb2 25. gxf6 gxf6 26. Ne5+ Ke7 27. Rg3 Qe2 28. Qh3 Kd6 29. Nf3 g5 30. Kh1 Qxf1+ 0-1


[Site "https://www.chess.com"]

[Event "Titled Tuesday Blitz February 22 Early 2022"]
[White "De Souza, Cristiano Gomes"]
[Black "Fiorito, Fabian"]
[WhiteFideId "2151758"]
[BlackFideId "100200"]
[WhiteElo "2068"]
[BlackElo "2395"]
[Result "0-1"]
[Round "02"]
[TimeControl "180+1"]
[Date "2022.02.22"]
[WhiteClock "0:00:11"]
[BlackClock "0:00:14"]

1. d4 d5 2. c4 c6 3. Nf3 Nf6 4. Nc3 e6 5. Bg5 Be7 6. e3 Nbd7 7. Rc1 h6 8. Bh4 O-O 9. Be2 dxc4 10. Bxc4 b5 11. Bd3 Bb7 12. O-O a6 13. a4 b4 14. Bxf6 Nxf6 15. Ne4 Nd7 16. Nfd2 f5 17. Ng3 c5 18. Qb3 Qb6 19. Bc4 Kh8 20. Bxe6 Nf6 21. Nxf5 Rae8 22. Bf7 Qc6 23. Nf3 Qe4 24. Ng3 Qg4 25. Bxe8 Rxe8 26. h3 Qd7 27. Ne5 Qc7 28. Ng6+ Kh7 29. Nxe7 Qxe7 30. Rxc5 Rf8 31. Qxb4 Ba8 32. Qc3 Qf7 33. Rc7 Qg6 34. Rc1 h5 35. h4 Ne4 36. Qd3 Rxf2 37. Rxg7+ Kxg7 38. Rc7+ Kh6 39. Qc4 Rxg2+ 40. Kf1 Nd2+ 41. Ke1 Qxg3+ 42. Kd1 Nxc4 0-1


[Site "https://www.chess.com"]

[Event "Titled Tuesday Blitz February 22 Early 2022"]
[White "De Verdier, Michael"]
[Black "Ismayil, Malak"]
[WhiteFideId "1710516"]
[BlackFideId "13412604"]
[WhiteElo "2301"]
[BlackElo "1879"]
[Result "1-0"]
[Round "02"]
[TimeControl "180+1"]
[Date "2022.02.22"]
[WhiteClock "0:00:23"]
[BlackClock "0:00:07"]

1. d4 Nf6 2. Nf3 e6 3. c4 Bb4+ 4. Bd2 Qe7 5. g3 O-O 6. Nc3 Nc6 7. Bg2 d6 8. O-O Bxc3 9. Bxc3 e5 10. d5 Nb8 11. Nd2 h6 12. e4 Bg4 13. f3 Bc8 14. Qc2 a5 15. b3 b6 16. a3 Nbd7 17. b4 a4 18. Rae1 Ba6 19. f4 b5 20. c5 dxc5 21. fxe5 Ng4 22. d6 cxd6 23. exd6 Qg5 24. Nf3 Qh5 25. Qe2 cxb4 26. axb4 Rac8 27. Bb2 Rfe8 28. e5 Bb7 29. h3 Ngxe5 30. Nxe5 Qxe2 31. Rxe2 Bxg2 32. Kxg2 Nxe5 33. Rxe5 Rc2+ 34. Rf2 Rxf2+ 35. Kxf2 Rd8 36. Rd5 Kf8 37. Bd4 Ke8 38. Bxg7 Kd7 39. Bxh6 Ke6 40. Rd1 Kd7 41. Bf4 Rc8 42. Rc1 Rxc1 43. Bxc1 Kxd6 44. Kf3 Kd5 45. h4 Kc4 46. h5 Kxb4 47. h6 Kb3 48. h7 b4 49. h8=Q a3 50. Qa1 Ka4 51. Bxa3 bxa3 52. Kf4 Kb3 53. Kf5 1-0


[Site "https://www.chess.com"]

[Event "Titled Tuesday Blitz February 22 Early 2022"]
[White "Dejmek, Mark"]
[Black "Aaditya Dhingra"]
[WhiteFideId "2017628"]
[BlackFideId "25678191"]
[WhiteElo "2211"]
[BlackElo "1789"]
[Result "0-1"]
[Round "02"]
[TimeControl "180+1"]
[Date "2022.02.22"]
[WhiteClock "0:00:14"]
[BlackClock "0:00:07"]

1. Nf3 Nf6 2. g3 d5 3. c4 d4 4. Bg2 c5 5. e3 Nc6 6. exd4 cxd4 7. d3 e5 8. O-O Be7 9. Re1 Nd7 10. Na3 O-O 11. Rb1 f5 12. c5 Bxc5 13. Nc4 Re8 14. b4 Bxb4 15. Rxb4 Nxb4 16. Qb3 Nc5 17. Qxb4 Nxd3 18. Qb3 Nxe1 19. Ng5 Be6 20. Nxe6 Rxe6 21. Nxe5 Qe7 22. Bd5 Re8 23. Bd2 Kh8 24. Bxe6 Qxe6 25. Qxe6 Rxe6 26. f4 Rxe5 27. fxe5 Nf3+ 28. Kf2 Nxd2 29. Ke2 Nc4 30. e6 Nd6 31. Kd3 Kg8 32. Kxd4 Kf8 33. Ke5 Ke7 34. a4 b6 35. h3 g6 36. g4 fxg4 37. hxg4 Nb7 38. Kd5 Nc5 39. g5 Nxe6 40. Kc6 Nxg5 41. Kb7 Kd7 42. Kxa7 Kc7 43. Ka6 h5 44. Kb5 h4 0-1


[Site "https://www.chess.com"]

[Event "Titled Tuesday Blitz February 22 Early 2022"]
[White "Demchenko, Anton"]
[Black "Borisova, Ekaterina"]
[WhiteFideId "4160258"]
[BlackFideId "34124184"]
[WhiteElo "2539"]
[BlackElo "2034"]
[Result "1-0"]
[Round "02"]
[TimeControl "180+1"]
[Date "2022.02.22"]
[WhiteClock "0:00:05"]
[BlackClock "0:00:02"]

1. e4 c6 2. d4 d5 3. e5 Bf5 4. Bd3 Bxd3 5. Qxd3 e6 6. Ne2 Qa5+ 7. c3 Qa6 8. Qd1 c5 9. O-O Nc6 10. Be3 Qb6 11. Nd2 Nh6 12. dxc5 Bxc5 13. Bxh6 gxh6 14. b4 Be7 15. Nf3 a5 16. a3 Rg8 17. Qd3 Rg7 18. b5 Na7 19. a4 Rc8 20. Ned4 Qc5 21. Qe3 Bg5 22. Nxg5 Rxg5 23. Rac1 Kd7 24. f4 Rg7 25. f5 Rcg8 26. g3 Nc8 27. Qxh6 exf5 28. Kh1 Ne7 29. e6+ Ke8 30. Rfe1 f6 31. Qe3 Kd8 32. Qf4 Kc8 33. Nxf5 Nxf5 34. Qxf5 Qc4 35. Rcd1 Re7 36. Rxd5 Rg5 37. Rd8+ Kxd8 38. Qxf6 1-0


[Site "https://www.chess.com"]

[Event "Titled Tuesday Blitz February 22 Early 2022"]
[White "Devaev, Alexander"]
[Black "Kornyukov, Alexey"]
[WhiteFideId "4169395"]
[BlackFideId "4150457"]
[WhiteElo "2185"]
[BlackElo "2303"]
[Result "1-0"]
[Round "02"]
[TimeControl "180+1"]
[Date "2022.02.22"]
[WhiteClock "0:00:34"]
[BlackClock "0:01:32"]

1. d4 d5 2. c4 e6 3. Nc3 Be7 4. cxd5 exd5 5. Nf3 Nf6 6. Bg5 O-O 7. Bxf6 Bxf6 8. e3 Bg4 9. Bd3 c5 10. dxc5 Qa5 11. O-O Bxc3 12. bxc3 Qxc5 13. Qc2 h6 14. Nd4 Nc6 15. Rab1 Nxd4 16. cxd4 Qxc2 17. Bxc2 b6 18. Bb3 Be6 19. h3 Rac8 20. g4 f5 21. f3 fxg4 22. hxg4 Rc3 23. Rbe1 Bf7 24. Kf2 Rfc8 25. f4 a5 26. Re2 b5 27. Rb1 b4 28. Bd1 Rc1 29. Rxc1 Rxc1 30. Bb3 Rc3 31. Kf3 h5 32. f5 hxg4+ 33. Kxg4 Kf8 34. Kf4 Rc8 35. Rh2 Kg8 36. Rg2 Kf8 37. Rh2 Kg8 38. Rg2 Re8 39. f6 Re4+ 40. Kf3 Bh5+ 41. Kf2 Kf8 42. fxg7+ 1-0


[Site "https://www.chess.com"]

[Event "Titled Tuesday Blitz February 22 Early 2022"]
[White "Dilmukhametov, Artur"]
[Black "Urbina Perez, Juan Antonio"]
[WhiteFideId "24179922"]
[BlackFideId "2217368"]
[WhiteElo "2266"]
[BlackElo "2192"]
[Result "0-1"]
[Round "02"]
[TimeControl "180+1"]
[Date "2022.02.22"]
[WhiteClock "0:00:09"]
[BlackClock "0:00:28"]

1. e4 e5 2. Nf3 Nc6 3. Bc4 Bc5 4. c3 Nf6 5. d4 exd4 6. cxd4 Bb4+ 7. Bd2 Bxd2+ 8. Nbxd2 d5 9. exd5 Nxd5 10. O-O O-O 11. Re1 Bg4 12. Qb3 Na5 13. Bxd5 Nxb3 14. Bxb3 Bxf3 15. Nxf3 c6 16. Re3 Qd7 17. Rae1 Rae8 18. Rxe8 Rxe8 19. Ne5 Rxe5 20. dxe5 Qd2 21. Rd1 Qa5 22. g3 Kf8 23. Rd7 Qe1+ 24. Kg2 Qe4+ 25. Kg1 Qe1+ 26. Kg2 Qxe5 27. Rxf7+ Ke8 28. Rxb7 c5 29. Rxa7 c4 30. Ba4+ Kf8 31. b3 Qe4+ 32. Kg1 Qb1+ 33. Kg2 Qxa2 34. Ra8+ Ke7 35. Ra7+ Kf6 36. Ra6+ Ke5 37. Ra5+ Kd4 38. bxc4 Qxc4 39. Be8 Qe6 40. Bh5 Kd3 41. Bf3 Qb6 42. Rg5 g6 43. Rd5+ Kc3 44. Rd7 g5 45. Rxh7 Qg6 46. Rc7+ Kd4 47. Rc6 Qf5 48. h3 Qf7 49. Rd6+ Ke5 50. Rd5+ Kf6 51. Rd4 Qa7 52. Rg4 Qa3 53. Rc4 Qa2 54. Rc6+ Kg7 55. Rc7+ Kf6 56. Rc6+ Kg7 57. Rc5 Kf6 58. Rc3 Qa5 59. Re3 Qc5 60. Re4 Qb5 61. Rg4 Qc5 62. Be4 Qb5 63. Bf3 Qc5 64. Ra4 Qb5 65. Ra8 Qc5 66. Rg8 Kf7 67. Rd8 Kf6 68. Rd5 Qb4 69. Rd3 Qc4 70. Re3 Qd4 71. Re4 Qc5 72. Rg4 Qb5 73. h4 gxh4 74. Rxh4 Qb3 75. Rh6+ Kg7 76. Rh4 Kf6 77. Rf4+ Kg7 78. Rg4+ Kf6 79. Rf4+ Kg7 80. Re4 Kf6 81. Rg4 Qc3 82. Be4 Qb2 83. Rf4+ Kg7 84. g4 Qb8 85. f3 Qxf4 86. Kh3 Kf6 87. Kg2 Kg5 88. Kf2 Kh4 89. Ke2 Kg3 90. Kd3 Kf2 91. Kc4 Ke3 92. Kd5 Qg5+ 93. Ke6 Kd4 94. Kd6 Qf6+ 95. Kd7 Kc5 96. Bf5 Qd6+ 97. Ke8 Qc7 98. g5 Kd6 99. Kf8 Qe7+ 100. Kg8 Qxg5+ 101. Bg6 Qxg6+ 0-1


[Site "https://www.chess.com"]

[Event "Titled Tuesday Blitz February 22 Early 2022"]
[White "Djokic, Mihailo"]
[Black "Kostiukov, Alexandr"]
[WhiteFideId "976440"]
[BlackFideId "14108100"]
[WhiteElo "2008"]
[BlackElo "2202"]
[Result "0-1"]
[Round "02"]
[TimeControl "180+1"]
[Date "2022.02.22"]
[WhiteClock "0:00:07"]
[BlackClock "0:00:29"]

1. e4 c5 2. Nf3 g6 3. d4 cxd4 4. Nxd4 Bg7 5. Nc3 Nc6 6. Be3 Nf6 7. Bc4 Qa5 8. O-O Qb4 9. Bb3 Nxe4 10. Nxe4 Nxd4 11. c3 Ne2+ 12. Qxe2 Qxe4 13. Rad1 O-O 14. Bd5 Qf5 15. Bc5 d6 16. Ba3 Be6 17. Bxb7 Rab8 18. Be4 Qa5 19. Bb4 Qxa2 20. Ra1 Qc4 21. Qxc4 Bxc4 22. Rfd1 a6 23. Bd3 Bxd3 24. Rxd3 Rb6 25. Kf1 Rfb8 26. Rd5 Rb5 27. Rd2 R8b6 28. Re2 Bf6 29. g3 e6 30. Kg2 d5 31. Ba3 Bg7 32. Rd1 Bf8 33. Bxf8 Kxf8 34. b4 a5 35. bxa5 Rxa5 36. Re3 Ra3 37. Rdd3 Rc6 38. Rf3 Ke7 39. h4 f6 40. Rde3 Ra4 41. Re2 e5 42. Rd3 Ke6 43. Red2 Rc5 44. Rb2 Ra7 45. Rb6+ Ke7 46. Rf3 f5 47. g4 e4 48. Rf4 Rxc3 49. gxf5 Rf3 50. f6+ Kf7 51. Rxf3 exf3+ 52. Kxf3 Ra4 53. Kg3 h5 54. Rd6 Rd4 55. f3 Rd1 56. Kf4 d4 57. Ke5 Re1+ 58. Kxd4 Rd1+ 59. Ke5 Rxd6 60. Kxd6 Kxf6 61. Kd7 g5 62. hxg5+ Kxg5 63. Ke6 Kf4 64. Kf6 h4 0-1


[Site "https://www.chess.com"]

[Event "Titled Tuesday Blitz February 22 Early 2022"]
[White "Do Nascimento,Christian Almeida"]
[Black "Dew, Brian"]
[WhiteFideId "2143801"]
[BlackFideId "6000495"]
[WhiteElo "2108"]
[BlackElo "2118"]
[Result "1-0"]
[Round "02"]
[TimeControl "180+1"]
[Date "2022.02.22"]
[WhiteClock "0:00:11"]
[BlackClock "0:00:06"]

1. d4 d5 2. e3 Nf6 3. Bd3 c5 4. c3 Nc6 5. f4 g6 6. Nf3 Bg7 7. O-O O-O 8. Nbd2 Qb6 9. Ne5 Bf5 10. Bxf5 gxf5 11. Ndf3 e6 12. Ng5 Rad8 13. Qf3 h6 14. Nh3 Ne4 15. Nf2 f6 16. Ned3 c4 17. Ne1 Kh7 18. g4 Nxf2 19. Rxf2 fxg4 20. Qxg4 f5 21. Qh5 Bf6 22. Rg2 Ne7 23. Nf3 Qc6 24. Ng5+ Bxg5 25. fxg5 Ng8 26. gxh6 Qe8 27. Rg7+ Kh8 28. Qg5 Rd7 29. Bd2 Rff7 30. Rg6 Rh7 31. Kh1 Qf8 32. Rg1 Nxh6 33. Rf6 Rdf7 34. Rxf7 Qxf7 35. Qd8+ Ng8 36. Be1 Rg7 37. Bg3 Kh7 38. Qh4+ Nh6 39. Bf4 Rxg1+ 40. Kxg1 Qg6+ 41. Kf2 Qg7 42. Kf3 Qg4+ 43. Qxg4 Nxg4 44. Bg3 Kg6 45. Kf4 Kf6 46. Bh4+ Kg6 47. Bg3 Kf6 48. h3 Nh6 49. Bh4+ Kg6 50. Ke5 Kh5 51. Bg3 Nf7+ 52. Kxe6 Ng5+ 53. Kd6 Nxh3 54. Kxd5 Kg4 55. Bf4 Nxf4+ 56. exf4 Kxf4 57. Ke6 Ke4 58. d5 f4 59. d6 f3 60. d7 f2 61. d8=Q f1=Q 62. Qd4+ Kf3 63. Qf6+ Ke2 64. Qxf1+ Kxf1 65. Kd5 b5 66. Kc5 a6 67. Kb6 Ke2 68. Kxa6 Kd3 69. Kxb5 Kc2 70. Kxc4 Kxb2 71. a4 Ka3 72. a5 1-0


[Site "https://www.chess.com"]

[Event "Titled Tuesday Blitz February 22 Early 2022"]
[White "Dovbnia, Nikita"]
[Black "Garv Gaur"]
[WhiteFideId "54104599"]
[BlackFideId "45030839"]
[WhiteElo "2111"]
[BlackElo "1950"]
[Result "1-0"]
[Round "02"]
[TimeControl "180+1"]
[Date "2022.02.22"]
[WhiteClock "0:00:15"]
[BlackClock "0:00:05"]

1. Nf3 d5 2. g3 Nf6 3. Bg2 c5 4. d3 Nc6 5. O-O Bg4 6. c4 e6 7. Nc3 Be7 8. h3 Bh5 9. e4 dxc4 10. dxc4 Nd4 11. Be3 O-O 12. g4 Nxf3+ 13. Bxf3 Bg6 14. e5 Nd7 15. Bf4 Rb8 16. Ne4 Nb6 17. b3 Qc7 18. Qe2 Nd7 19. Nd6 Rfd8 20. Rad1 Nf8 21. Rd2 Rd7 22. Rfd1 a6 23. Qe3 Qb6 24. Nc8 Qc7 25. Rxd7 Nxd7 26. Nxe7+ Kf8 27. Nxg6+ hxg6 28. Rd6 Nb6 29. Qd2 Re8 30. Bg2 Ke7 31. Bg5+ f6 32. Bf4 g5 33. Bg3 Nc8 34. exf6+ Kxf6 35. Rd7 Qb6 36. Qc3+ e5 37. Qf3+ Kg6 38. Qf7+ Kh6 39. Qxg7# 1-0


[Site "https://www.chess.com"]

[Event "Titled Tuesday Blitz February 22 Early 2022"]
[White "Dubov, Daniil"]
[Black "Aradhya, Garg"]
[WhiteFideId "24126055"]
[BlackFideId "25006746"]
[WhiteElo "2791"]
[BlackElo "2169"]
[Result "0-1"]
[Round "02"]
[TimeControl "180+1"]
[Date "2022.02.22"]
[WhiteClock "0:00:43"]
[BlackClock "0:00:59"]

1. d4 d5 2. Nf3 Nf6 3. c4 c6 4. Nc3 dxc4 5. e4 b5 6. Be2 g6 7. O-O Bg7 8. a4 b4 9. e5 Nd5 10. Ne4 c3 11. bxc3 Bf5 12. Ng3 Nxc3 13. Qe1 Be6 14. a5 O-O 15. Bd2 Nxe2+ 16. Qxe2 b3 17. Ne4 Qd5 18. Nc5 Nd7 19. Nxe6 fxe6 20. Rab1 Rab8 21. Rb2 Rb5 22. Rfb1 Rfb8 23. Bc3 c5 24. h4 cxd4 25. Nxd4 Rc5 26. Rxb3 Rxb3 27. Rxb3 Bxe5 28. Nb5 Bxc3 29. Nxc3 Qxb3 0-1


[Site "https://www.chess.com"]

[Event "Titled Tuesday Blitz February 22 Early 2022"]
[White "Durarbayli, Vasif"]
[Black "Roberson, Peter T"]
[WhiteFideId "13402935"]
[BlackFideId "412384"]
[WhiteElo "2528"]
[BlackElo "2346"]
[Result "1-0"]
[Round "02"]
[TimeControl "180+1"]
[Date "2022.02.22"]
[WhiteClock "0:00:28"]
[BlackClock "0:00:02"]

1. e4 c5 2. Nf3 a6 3. c4 e6 4. Nc3 Qc7 5. Be2 b6 6. O-O Bb7 7. b3 d6 8. d4 cxd4 9. Nxd4 Nf6 10. Re1 Be7 11. Bf1 O-O 12. Bb2 Nbd7 13. Qf3 Nc5 14. Rad1 Rfe8 15. g4 Bf8 16. g5 Nfd7 17. Qg3 Ne5 18. h4 Rad8 19. h5 d5 20. f4 Nc6 21. Nxc6 Bxc6 22. exd5 exd5 23. Rxe8 Rxe8 24. Nxd5 Bxd5 25. Rxd5 Ne4 26. Qf3 Bc5+ 27. Kg2 Qc6 28. Re5 Rxe5 29. fxe5 Qd7 30. Qxe4 Qd2+ 31. Kh3 Qxb2 32. e6 Qc3+ 33. Bd3 fxe6 34. Qxh7+ Kf7 35. h6 Bd4 36. Qg6+ Ke7 37. h7 Qe1 38. Qe4 Qxe4 39. Bxe4 g6 40. Bxg6 Kf8 41. Kg4 Bg7 42. b4 Ke7 43. c5 bxc5 44. bxc5 Kd7 45. Be4 Ke7 46. c6 Kd6 47. Kh5 Bd4 48. Kg6 a5 49. Kf7 a4 50. g6 1-0


[Site "https://www.chess.com"]

[Event "Titled Tuesday Blitz February 22 Early 2022"]
[White "Dushyant Sharma"]
[Black "Van den Dikkenberg, Erik"]
[WhiteFideId "25065130"]
[BlackFideId "1005880"]
[WhiteElo "2012"]
[BlackElo "2118"]
[Result "1-0"]
[Round "02"]
[TimeControl "180+1"]
[Date "2022.02.22"]
[WhiteClock "0:00:58"]
[BlackClock "0:00:11"]

1. e4 c5 2. Nf3 d6 3. d4 cxd4 4. Nxd4 Nf6 5. Nc3 a6 6. f4 g6 7. Nf3 Bg7 8. Bd3 O-O 9. O-O Nc6 10. a4 Bg4 11. Qe1 Bxf3 12. Rxf3 Rc8 13. Be3 Ng4 14. Bd2 Qb6+ 15. Kh1 Qxb2 16. Rb1 Qa3 17. h3 Nd4 18. Rg3 Nf6 19. e5 Nh5 20. Rg5 Nxc2 21. Bxc2 dxe5 22. fxe5 Rfd8 23. Rb3 Qc5 24. e6 f5 25. Bxf5 Rxd2 26. Qxd2 Bxc3 27. Qd1 Bf6 28. Rxh5 gxh5 29. Rg3+ Kh8 30. Qxh5 Qc1+ 31. Kh2 h6 32. Qg6 1-0


[Site "https://www.chess.com"]

[Event "Titled Tuesday Blitz February 22 Early 2022"]
[White "Dzhaparov, Medet"]
[Black "Ezat, Mohamed"]
[WhiteFideId "13803689"]
[BlackFideId "10600906"]
[WhiteElo "1702"]
[BlackElo "2386"]
[Result "0-1"]
[Round "02"]
[TimeControl "180+1"]
[Date "2022.02.22"]
[WhiteClock "0:00:16"]
[BlackClock "0:00:08"]

1. e4 e5 2. Nf3 Nc6 3. Bc4 Nf6 4. Ng5 d5 5. exd5 b5 6. Be2 Qxd5 7. O-O h6 8. Nf3 e4 9. Nc3 Qc5 10. d4 Qb6 11. Bxb5 exf3 12. d5 Bd7 13. dxc6 Bxc6 14. Qxf3 Qxb5 15. Nxb5 Bxf3 16. Nxc7+ Kd7 17. Nxa8 Bxa8 18. Bf4 Bc5 19. Rad1+ Kc8 20. c3 a5 21. a3 a4 22. Bd6 Bb6 23. Be5 Ne4 24. Bd4 Bc7 25. f3 Nd6 26. Rfe1 Nf5 27. Rd3 Nxd4 28. cxd4 Kd7 29. Rc3 Bb6 30. Rc4 Bc6 31. Kf2 Rc8 32. Rec1 Bb7 33. Rxc8 Bxc8 34. Ke3 Ba6 35. Ke4 Bd8 36. d5 Bf6 37. Rc6 Bb7 38. Rb6 Kc7 39. Rb4 Ba8 40. Rxa4 Bb7 41. Rc4+ Kd6 42. b4 Bxd5+ 43. Kd3 Bxc4+ 44. Kxc4 Be5 45. g3 Bb2 46. a4 Kc6 47. h3 Be5 48. a5 Bxg3 49. b5+ Kb7 50. Kc5 Bf2+ 51. Kd5 Be1 52. a6+ Kb6 53. Kd6 Bh4 54. Kd7 f5 55. Ke6 f4 56. Kf5 g5 57. Kg4 Ka7 58. Kh5 Kb6 59. Kg4 Kc7 60. Kh5 Kb6 61. Kg6 Ka7 62. Kf5 Kb6 63. Ke4 Bf2 64. Kf5 Kxb5 65. Kg6 Kxa6 66. Kxh6 Bh4 67. Kh5 Kb5 68. Kg4 Kc4 69. Kf5 Kd4 70. Kg4 Ke3 0-1


[Site "https://www.chess.com"]

[Event "Titled Tuesday Blitz February 22 Early 2022"]
[White "Elissalt Cardenas, Hector"]
[Black "Karthik Venkataraman"]
[WhiteFideId "3500632"]
[BlackFideId "25006479"]
[WhiteElo "2159"]
[BlackElo "2362"]
[Result "0-1"]
[Round "02"]
[TimeControl "180+1"]
[Date "2022.02.22"]
[WhiteClock "0:00:19"]
[BlackClock "0:01:45"]

1. d4 Nf6 2. c4 e6 3. Nc3 a6 4. Nf3 c5 5. d5 exd5 6. cxd5 b5 7. a3 g6 8. g3 Bg7 9. Bg2 d6 10. O-O O-O 11. Bd2 Re8 12. b4 Nbd7 13. Rb1 Bb7 14. Bf4 Nh5 15. Bd2 cxb4 16. axb4 Rc8 17. Qb3 Nb6 18. Bg5 Rxc3 19. Qxc3 Bxc3 20. Bxd8 Rxd8 21. Rfc1 Na4 22. Rb3 Rc8 23. Ng5 Nf6 24. Ne4 Nxe4 25. Bxe4 Rc4 26. Bd3 Rxb4 27. Rbxc3 Nxc3 28. Rxc3 Bxd5 29. f3 Bc4 30. Ra3 Bxd3 31. Rxd3 a5 32. Rxd6 a4 33. Ra6 Rb3 34. Kf2 a3 35. Ke1 b4 36. Kd2 Rb2+ 37. Kc1 Rxe2 0-1


[Site "https://www.chess.com"]

[Event "Titled Tuesday Blitz February 22 Early 2022"]
[White "Estrada Nieto, Julian"]
[Black "Barus, Cerdas"]
[WhiteFideId "5101018"]
[BlackFideId "7100094"]
[WhiteElo "2246"]
[BlackElo "2147"]
[Result "1-0"]
[Round "02"]
[TimeControl "180+1"]
[Date "2022.02.22"]
[WhiteClock "0:00:41"]
[BlackClock "0:00:01"]

1. e4 e5 2. Nf3 Nc6 3. Bb5 a6 4. Ba4 Nf6 5. O-O Be7 6. Re1 b5 7. Bb3 O-O 8. a4 Rb8 9. axb5 axb5 10. c3 b4 11. d4 bxc3 12. bxc3 exd4 13. e5 Ng4 14. cxd4 d6 15. h3 Nh6 16. Bxh6 gxh6 17. e6 fxe6 18. Bxe6+ Bxe6 19. Rxe6 Bf6 20. Nc3 Qd7 21. Qe2 Nxd4 22. Nxd4 Bxd4 23. Qg4+ Bg7 24. Nd5 Kh8 25. Rae1 c6 26. Nf4 d5 27. Nh5 1-0


[Site "https://www.chess.com"]

[Event "Titled Tuesday Blitz February 22 Early 2022"]
[White "Eynullayev, Atilla"]
[Black "Gormally, Daniel W"]
[WhiteFideId "13413570"]
[BlackFideId "406465"]
[WhiteElo "1979"]
[BlackElo "2543"]
[Result "0-1"]
[Round "02"]
[TimeControl "180+1"]
[Date "2022.02.22"]
[WhiteClock "0:01:08"]
[BlackClock "0:01:26"]

1. e4 g6 2. d4 Bg7 3. Nc3 d6 4. Bg5 h6 5. Be3 a6 6. Nf3 Nd7 7. Bd3 b6 8. O-O Bb7 9. Re1 e6 10. Bf1 Ngf6 11. a4 Nxe4 12. Nxe4 Bxe4 13. a5 b5 14. Bf4 Bd5 15. b3 O-O 16. Be2 Qf6 17. Qd2 Rab8 18. Bxh6 Bxf3 19. Bxg7 Kxg7 20. Bxf3 Rh8 21. g3 Qxf3 0-1


[Site "https://www.chess.com"]

[Event "Titled Tuesday Blitz February 22 Early 2022"]
[White "Faizrakhmanov, Ramil"]
[Black "Iljin, Timofey"]
[WhiteFideId "24103209"]
[BlackFideId "14110180"]
[WhiteElo "2502"]
[BlackElo "2396"]
[Result "1-0"]
[Round "02"]
[TimeControl "180+1"]
[Date "2022.02.22"]
[WhiteClock "0:00:14"]
[BlackClock "0:00:17"]

1. e4 e5 2. Nf3 Nc6 3. Bb5 Nf6 4. O-O a6 5. Ba4 b5 6. Bb3 Bc5 7. Nxe5 Nxe5 8. d4 Bb7 9. dxc5 Nxe4 10. Bd5 Nxc5 11. Bxb7 Nxb7 12. Re1 d6 13. f4 O-O 14. fxe5 Qh4 15. exd6 Nxd6 16. Nc3 Nc4 17. g3 Qh3 18. Qf3 Rad8 19. b3 Nd6 20. Nd5 Kh8 21. Bb2 Nf5 22. Nf4 Qh6 23. Rad1 Rde8 24. Qh5 Qb6+ 25. Kh1 Ne3 26. Nd5 Qc6 27. Rxe3 Rxe3 28. Bxg7+ Kxg7 29. Qg5+ Kh8 30. Qxe3 Rd8 31. Qe5+ Kg8 32. Qg5+ Qg6 33. Qxd8+ Kg7 34. Qf6+ Qxf6 35. Nxf6 Kxf6 36. Rd7 c5 37. Rc7 Kf5 38. Rxc5+ Ke4 39. Rc6 Kd5 40. Rxa6 Kd4 41. Ra5 Kc3 42. Rxb5 Kxc2 43. a4 Kb2 44. a5 Ka3 45. a6 f5 46. a7 f4 47. a8=Q+ Kb2 48. Qg2+ Ka3 49. Ra5+ Kxb3 50. Qd5+ Kc2 51. Rc5+ Kb2 52. Qb7+ Ka3 53. Ra5# 1-0


[Site "https://www.chess.com"]